[Event "*** Titled Tuesday Blitz"]
[Site "Chess.com"]
[Date "2020.01.07"]
[Round "6"]
[White "benhal"]
[Black "igorkovalenko"]
[Result "0-1"]
[WhiteElo "2391"]
[BlackElo "2913"]
[TimeControl "180+2"]
[EndTime "14:26:01 PST"]
[Termination "igorkovalenko won by resignation"]

1. e4 c5 2. Nc3 Nc6 3. Bb5 Nd4 4. Nf3 a6 5. Bd3 e6 6. O-O Nc6 7. b3 Nf6 8. Re1 Ng4 9. Bb2 Bd6 10. h3 Nge5 11. Bf1 O-O 12. Nxe5 Bxe5 13. Na4 Bxb2 14. Nxb2 d5 15. d3 Qf6 16. Na4 d4 17. Nxc5 Qe5 18. Na4 b5 19. Nb2 Bd7 20. Qd2 Qc5 21.
a3 e5 22. Rec1 Rfc8 23. Be2 Qc3 24. Qxc3 dxc3 25. Nd1 Nd4 26. Kf1 a5 27. Bg4 Be6 28. Bxe6 fxe6 29. Ne3 h5 30. f3 Kf7 31. Ra2 Ke7 32.
Kg1 Kd6 33. Rf1 Rf8 34. Raa1 g5 35. Rf2 Kc5 36. Rb1 Nc6 37. Nd1 Kd4 38. Re2 Ra7 39. Nf2 b4 40. a4 Raf7 41. Nd1 g4 42. hxg4 hxg4 43. Ne3 gxf3 44. gxf3 Rxf3 45. Nc4 Rh3 46. Rf1 Rh1+ 47. Kxh1 Rxf1+ 48. Kg2 Rc1 49. Kg3 Kc5 50.
Rf2 Nd4 51. Rf8 Kc6 52. Nxe5+ Kc7 53. Rf7+ Kc8 54. Rf8+ Kc7 55. Rf7+ Kb6 56. Nc4+ Ka6 57. Rd7 Nxc2 58. Rd6+ Ka7 59. Nxa5 Ne3 60. Nc6+ Kb6 61.
d4 Kc7 62. Rxe6 c2 63. Nxb4 Rg1+ 64. Kf2 c1=Q 65. Rc6+ Qxc6 66. Nxc6 Rf1+ 67. Kxe3 Kxc6 68. b4 Ra1 69. b5+ Kd6 70. Kd3 Rxa4 71. Kc3 Kc7 72. e5 Kb6 73. e6 Kxb5 74. d5 Kc5 0-1

[Event "*** Titled Tuesday Blitz"]
[Site "Chess.com"]
[Date "2020.01.07"]
[Round "6"]
[White "Rhinos1"]
[Black "ural58"]
[Result "1/2-1/2"]
[WhiteElo "2143"]
[BlackElo "2346"]
[TimeControl "180+2"]
[EndTime "14:26:02 PST"]
[Termination "Game drawn - insufficient material"]

1. e4 d5 2. exd5 Qxd5 3. Nc3 Qa5 4. Nf3 Nf6 5. Be2 Nc6 6. O-O Bg4 7. h3 Bh5 8. d3 O-O-O 9. Bd2 e6 10. a3 h6 11.
Ne4 Qd5 12. Ng3 Bg6 13. Qe1 e5 14. Nh4 Bh7 15. Bf3 Qe6 16. Bxc6 Qxc6 17. Qxe5 Bd6 18. Qc3 Qa4 19. Nhf5 Rhe8 20. Rae1 Bf8 21. Rxe8 Rxe8 22. Nxh6 Nd5 23. Qc4 Qxc4 24. dxc4 gxh6 25. cxd5 Bxc2 26. Rc1 Bb3 27. Bf4 Bxd5 28. Rxc7+ Kd8 29. Rc1 Bc6 30.
Nf5 Re2 31. b4 Ra2 32. Nxh6 f6 33. Ng4 Be7 34. Rd1+ Ke8 35. Re1 Kf8 36. Bh6+ Kf7 37.
Bc1 a5 38. Nh6+ Kf8 39. Nf5 Bd8 40. Bh6+ Kg8 41. Nd4 Bd5 42. Re8+ Kh7 43. Rxd8 Bc4 44. Be3 Rxa3 45. bxa5 Ra1+ 46. Kh2 Rxa5 47. Rd7+ Kg6 48.
Rxb7 Bd5 49. Rd7 Be4 50. Rd6 Kf7 51. Nc6 Ra2 52. Nd4 f5 53. Rb6 Kg8 54. Nc6 f4 55.
Bxf4 Rxf2 56. Be3 Rxg2+ 57. Kh1 Re2+ 58. Kg1 Rxe3 59. Kf2 Rf3+ 60. Ke2 Rf6 61. Ne7+ Kf7 62. Rxf6+ Kxf6 63. Nc8 Kg5 64. Nd6 Kh4 65. Nxe4 Kxh3 1/2-1/2

[Event "*** Titled Tuesday Blitz"]
[Site "Chess.com"]
[Date "2020.01.07"]
[Round "6"]
[White "davigator"]
[Black "Blagorod"]
[Result "0-1"]
[WhiteElo "2320"]
[BlackElo "2120"]
[TimeControl "180+2"]
[EndTime "14:26:02 PST"]
[Termination "Blagorod won by checkmate"]

1. e4 e5 2. Nf3 Nf6 3. Nc3 Bb4 4. Bc4 O-O 5. d3 d5 6. exd5 Nxd5 7. Bd2 Nxc3 8. bxc3 Bd6 9. O-O Bg4 10. h3 Bh5 11. g4 Bg6 12. Qe2 Nd7 13. a4 Re8 14.
Ng5 Nf6 15. f3 c6 16. Kg2 Rb8 17. Rab1 b6 18. Rfe1 Bc7 19. Qf2 Qd6 20. Ne4 Nxe4 21. fxe4 Rbd8 22. Bg5 Rd7 23. Be3 Qa3 24. Bb3 Qe7 25.
Rf1 Bd8 26. Qg3 Qh4 27. a5 Qxg3+ 28. Kxg3 bxa5 29. Ba4 Rc7 30. h4 h5 31. g5 f6 32.
Ra1 fxg5 33. hxg5 Rf8 34. Rh1 Kh7 35. Bb3 Bf7 36. Rxa5 Bxb3 37. cxb3 Rcf7 38. g6+ Kxg6 39. Bc5 Bxa5 40. Bxf8 Rxf8 41. b4 Bb6 42. c4 h4+ 43. Kg4 Bf2 44. Ra1 Rf4+ 45. Kh3 Rf3+ 46. Kg2 Rf4 47. c5 Kg5 48. Rxa7 g6 49. Rc7 Bg3 50. Rxc6 Rf2+ 51. Kg1 Rb2 52. Ra6 h3 53. Ra1 Rxb4 54.
Rc1 Rb8 55. c6 Rc8 56. Rc5 Kf6 57. Rc3 h2+ 58. Kh1 Bf4 59. Rc2 Ke6 60. Rg2 g5 61. Rc2 Kd6 62. Kg2 Rxc6 63. Rxc6+ Kxc6 64. Kh1 Kc5 65. d4+ Kxd4 66. Kg2 Kxe4 67. Kh1 Kd3 68. Kg2 Kd2 69. Kf2 e4 70. Kg2 e3 71. Kh1 e2 72.
Kg2 e1=Q 73. Kh3 Qg3# 0-1

[Event "*** Titled Tuesday Blitz"]
[Site "Chess.com"]
[Date "2020.01.07"]
[Round "6"]
[White "Chimpinha"]
[Black "joejan"]
[Result "1/2-1/2"]
[WhiteElo "2383"]
[BlackElo "2154"]
[TimeControl "180+2"]
[EndTime "14:26:05 PST"]
[Termination "Game drawn by agreement"]

1. d4 Nf6 2. c4 e6 3. Nc3 Bb4 4. Nf3 c5 5. g3 cxd4 6. Nxd4 Nc6 7. Bg2 O-O 8. O-O e5 9. Ndb5 a6 10. Nd6 Bxc3 11. bxc3 Qc7 12. a4 Na5 13. Ba3 Rd8 14. c5 Ne8 15. Bb4 Nc6 16. Qd5 Nxd6 17. cxd6 Qb6 18. Bc5 Qa5 19. Qc4 Rf8 20. Rab1 b5 21. axb5 axb5 22. Rxb5 Ba6 23. Rxa5 Bxc4 24. Rxa8 Rxa8 25.
Bxc6 dxc6 26. d7 Be6 27. Rd1 Rd8 28. e4 Rxd7 29. Rxd7 Bxd7 30. Bd6 f6 31. f3 Kf7 32. Kf2 Ke6 33. Bc7 c5 34. Ke3 Bb5 35. g4 g6 36. h4 f5 37. exf5+ gxf5 38. g5 c4 39. h5 Be8 40. g6 hxg6 41. h6 Kf7 42. Bxe5 Kg8 43. Kd4 Bf7 44. Bg7 g5 45. Ke5 g4 46. f4 Bg6 47. Kf6 Kh7 48. Kg5 g3 49. Bf8 g2 50. Bc5 Be8 51. Kxf5 Kxh6 52. Kf6 Bc6 53. f5 Kh7 54. Kf7 Bd5+ 55. Kf8 Kh6 56. f6 Kg6 57. Ke7 Bf7 58. Bd4 Bg8 59. Kf8 Bd5 60. Ke7 Bf7 61. Bg1 Bd5 62. Kd6 Bf7 63.
Bd4 g1=Q 64. Bxg1 Kxf6 65. Bd4+ Kf5 66. Ke7 Bd5 67. Kd6 Be4 68. Kc5 Bd3 69. Kd5 1/2-1/2

[Event "*** Titled Tuesday Blitz"]
[Site "Chess.com"]
[Date "2020.01.07"]
[Round "6"]
[White "W_Amadeus"]
[Black "2nd_life"]
[Result "0-1"]
[WhiteElo "2653"]
[BlackElo "2513"]
[TimeControl "180+2"]
[EndTime "14:26:21 PST"]
[Termination "2nd_life won by checkmate"]

1. e4 e5 2. Nf3 Nc6 3. Bc4 Nf6 4. d3 h6 5. O-O d6 6. c3 g6 7. d4 Qe7 8. Re1 Bg7 9. Nbd2 O-O 10. h3 a6 11. a4 Kh7 12. d5 Nb8 13. b4 Nbd7 14. a5 Nh5 15. Bd3 Nf4 16. Bc2 Nf6 17. c4 N6h5 18.
Ra3 Nxg2 19. Kxg2 Nf4+ 20. Kh2 Nxh3 21. Qe2 Nf4 22. Qf1 Qd7 23. Ng1 Qg4 24. Ree3 h5 25.
Bd1 Qh4+ 26. Rh3 Bxh3 27. Nxh3 Bh6 28. Nf3 Qxh3+ 29. Qxh3 Nxh3 30. Bxh6 Kxh6 31. Kxh3 f5 32. Kg2 fxe4 33. Nd2 Rf4 34. Re3 b6 35. axb6 cxb6 36.
Nxe4 Rd8 37. Bc2 Rf7 38. Ra3 Rc7 39. Bd3 Ra7 40. Ra1 a5 41. bxa5 bxa5 42. Ra4 Kg7 43. Nc3 Kf6 44. Nb5 Ra6 45. Nc7 Ra7 46. Nb5 Ra6 47. Bc2 Rc8 48. Bd3 Rc5 49. Kf3 g5 50.
Ke4 g4 51. f3 g3 52. Ra1 h4 53. f4 exf4 54. Kxf4 a4 55. Kg4 Rc8 56. Kxh4 Rg8 57.
Rf1+ Ke5 58. Re1+ Kf4 59. Kh3 g2 60. Kh2 a3 61. Re4+ Kg5 62. Kxg2 a2 63. Re1 a1=Q 64.
Rxa1 Rxa1 65. Nxd6 Kf4+ 66. Kf2 Ra2+ 67. Kf1 Ke3 68. Bb1 Rf2+ 69. Ke1 Rg1# 0-1

[Event "*** Titled Tuesday Blitz"]
[Site "Chess.com"]
[Date "2020.01.07"]
[Round "6"]
[White "AlexanderKing"]
[Black "karwowskikacper"]
[Result "1/2-1/2"]
[WhiteElo "2546"]
[BlackElo "2428"]
[TimeControl "180+2"]
[EndTime "14:26:35 PST"]
[Termination "Game drawn - insufficient material"]

1. e4 c5 2. Nf3 Nc6 3. d4 cxd4 4.
Nxd4 e6 5. Nc3 a6 6. Be3 Qc7 7. Qf3 Nf6 8. Bd3 Ne5 9. Qg3 Nxd3+ 10. cxd3 Qxg3 11. hxg3 Bb4 12. Ke2 d6 13. Na4 O-O 14. Nb3 Bd7 15. Nb6 Rad8 16. a3 Bc5 17. Nxc5 dxc5 18.
Bxc5 Rfe8 19. Nxd7 Nxd7 20. Be3 Ne5 21. Rhd1 Rd7 22.
d4 Nc6 23. Rd3 Red8 24. Rad1 f6 25. f3 Kf7 26. Bf2 Na5 27. Be1 Nc4 28. Bc3 b5 29. Ra1 Ne5 30. Rd2 Nc6 31. Rad1 b4 32. axb4 Rb8 33. d5 exd5 34. Rxd5 Rxd5 35. Rxd5 Nxb4 36. Rd7+ Kg6 37. Ra7 Rb6 38. g4 Na2 39. Bd4 Rc6 40. Kd2 Rd6 41. Ke3 Nb4 42. Bc5 Nc2+ 43. Ke2 Rc6 44. b4 Na3 45. Bf8 Kg5 46.
Rxg7+ Kf4 47. Rxh7 Rc2+ 48. Kd3 Rxg2 49. Rf7 Kxf3 50.
Rxf6+ Kxg4 51. Rg6+ Kf3 52. Rxg2 Kxg2 53. e5 Kf3 54. e6 Nb5 55. e7 Nc7 56. Bg7 Kf4 57.
Bd4 Kf5 58. Bb6 Ne8 59. Kc4 Ke6 60. Bd8 Kd7 61. Kc5 Nd6 62. Kb6 Nc8+ 63. Kxa6 Nd6 64. b5 Kc8 65. Kb6 Ne8 66. Kc6 Nf6 67. b6 Ne8 68.
Bc7 Nxc7 69. b7+ Kb8 70. Kb6 Ne8 71. Ka6 Nc7+ 72. Kb6 Nd5+ 73. Kc6 Nxe7+ 74. Kd7 Kxb7 1/2-1/2

[Event "*** Titled Tuesday Blitz"]
[Site "Chess.com"]
[Date "2020.01.07"]
[Round "6"]
[White "ChessSkool"]
[Black "TST2014"]
[Result "1-0"]
[WhiteElo "2683"]
[BlackElo "2507"]
[TimeControl "180+2"]
[EndTime "14:26:56 PST"]
[Termination "ChessSkool won on time"]

1. d4 Nf6 2. c4 d6 3. Nf3 Nbd7 4.
Nc3 e5 5. g3 Be7 6. Bg2 c6 7.
O-O O-O 8. h3 Re8 9. e4 a6 10.
Be3 b5 11. Qc2 Bb7 12. Rfd1 Qc7 13. Rac1 b4 14. Na4 c5 15. d5 h6 16. a3 a5 17. b3 Bf8 18. Ne1 g6 19. Nd3 Bg7 20.
Rf1 Nb8 21. Rce1 Na6 22. Nab2 bxa3 23. Na4 Nb4 24. Qd2 Bc8 25. Ra1 a2 26. Nxb4 axb4 27.
Rxa2 Bd7 28. Rfa1 Ra5 29. Nb2 Rea8 30. Nd3 Ne8 31. Rxa5 Rxa5 32. Rxa5 Qxa5 33. Bxh6 Bxh6 34. Qxh6 Qa2 35. Nc1 Qc2 36. Qe3 Nf6 37. Kh2 Bg4 38. f3 Bc8 39. g4 Kg7 40. Kg3 Nh7 41. Bf1 f6 42. h4 g5 43. h5 Nf8 44. Bd3 Qc3 45. Kf2 Nd7 46. Be2 Qb2 47. Ke1 Nb6 48. Qd2 Qa1 49. Bd1 Bd7 50. Ne2 Kh6 51. Ng1 Nxc4 52. bxc4 b3 53. Ne2 b2 54. Nc3 b1=Q 55.
Nxb1 Qxb1 56. Ke2 Qa1 57. Bc2 Bc8 58. Qe3 Ba6 59. Qb3 Qd4 60. Bd3 Qg1 61. Qb8 Qg2+ 62.
Ke1 Qg1+ 63. Kd2 Qf2+ 64. Kc3 Qe1+ 65. Kc2 Qf2+ 66. Kb3 Bxc4+ 67. Bxc4 Qxf3+ 68. Ka4 Qd1+ 69. Ka5 Qa1+ 70. Kb6 Qb2+ 71. Bb5 Kg7 72. Qc7+ Kh6 73. Qd8 Kg7 74. Qe7+ Kg8 75. h6 Qxb5+ 76. Kxb5 1-0

[Event "*** Titled Tuesday Blitz"]
[Site "Chess.com"]
[Date "2020.01.07"]
[Round "6"]
[White "JustaTrickstar"]
[Black "Ar4uha"]
[Result "1/2-1/2"]
[WhiteElo "2738"]
[BlackElo "2612"]
[TimeControl "180+2"]
[EndTime "14:27:07 PST"]
[Termination "Game drawn by agreement"]

1. c4 Nf6 2. Nc3 e6 3. e4 d5 4. e5 d4 5. exf6 dxc3 6. bxc3 Qxf6 7. Bd3 Bd7 8. Nf3 Bc6 9. O-O Nd7 10. Nd4 Bd6 11. f4 Bc5 12. Bb2 O-O 13. Kh1 Qh4 14. Nxc6 bxc6 15. Qf3 Nf6 16. Be2 Rab8 17. Bc1 Bd6 18.
g3 Qh3 19. Qxc6 e5 20. fxe5 Bxe5 21. Qg2 Qe6 22. d4 Bd6 23. c5 Be7 24. Bf3 Qc4 25. Bf4 Qxc3 26. Bxc7 Rb2 27. Qg1 Rd2 28. Rad1 Rxa2 29.
c6 Rd2 30. Bf4 Rxd1 31. Bxd1 Qxc6+ 32. Bf3 Qc4 33. Rc1 Qd3 34. Qg2 Qxd4 35. Rd1 Qb4 36. h4 a5 37. Be3 a4 38. Rd4 Qb1+ 39. Rd1 Qb3 40. Bd4 a3 41. h5 h6 42. g4 Nh7 43.
Re1 Ng5 44. Bd5 Qb4 45. Rd1 Bc5 46. Ba1 Qb8 47. Qc2 Be7 48. Qg6 Ne6 49. Bxe6 Qb7+ 50. Kh2 Bd6+ 51. Kh3 fxe6 52. Qxe6+ Kh8 53. Qd5 Qxd5 54.
Rxd5 Be7 55. Ra5 Rc8 56. Ra7 Bf8 57. Kg3 Rc1 58. Be5 Kg8 59. Ra8 Kf7 60. Ra7+ Ke6 61. Bd4 Rc2 62. Kf3 a2 63. Ke4 Rg2 64. Ra6+ Kd7 65. Kf5 Kc7 66. Ra8 Be7 67. Bxg7 Bg5 68. Ra4 Kc6 69. Kg6 Kb5 70. Ra8 Rxg4 71. Rxa2 Be3+ 72.
Kh7 Rh4 73. Re2 Bc1 74. Re5+ Kc6 75. Bxh6 Bb2 76. Rf5 Kd7 77. Kg6 Ke6 78. Bg5 Rxh5 79. Rb5 Rh2 80. Rb6+ Kd5 1/2-1/2

[Event "*** Titled Tuesday Blitz"]
[Site "Chess.com"]
[Date "2020.01.07"]
[Round "6"]
[White "volcanoexplorer"]
[Black "Orest_Vovk"]
[Result "1/2-1/2"]
[WhiteElo "2553"]
[BlackElo "2435"]
[TimeControl "180+2"]
[EndTime "14:27:07 PST"]
[Termination "Game drawn by repetition"]

1. e4 Nc6 2. Nf3 f5 3. exf5 d5 4. Bb5 Bxf5 5. Nd4 Qd7 6. Qf3 Be4 7. Qc3 a6 8. Bxc6 bxc6 9. f3 Bg6 10. Nxc6 Qe6+ 11.
Kf2 Qd6 12. d4 Nf6 13. Ne5 e6 14. Bf4 Qb6 15. Nd2 Bd6 16. Nb3 O-O 17. g3 Rad8 18.
Rhe1 Nh5 19. Bg5 Nf6 20. Kg2 Qa7 21. Nc5 Rde8 22. Nxg6 hxg6 23. Nxe6 Rf7 24. Nf4 Rfe7 25. Rxe7 Rxe7 26. Bxf6 gxf6 27. Qd3 g5 28. Nxd5 Rf7 29.
Qg6+ Kf8 30. c3 Qb7 31. Nxf6 Qxb2+ 32. Kh3 Qxa1 33. Qg8+ Ke7 34. Nd5+ Ke6 35. Qg6+ Kxd5 36. Qxf7+ Kc6 37. Qc4+ Kb7 38. Qd5+ Ka7 39. Qxg5 Qxc3 40. Qd5 Qc2 41. f4 Qf2 42. f5 Qf1+ 43. Kh4 Qe2 44. h3 Qe7+ 45. Kg4 Qg7+ 46. Kh5 Qxg3 47. f6 Qxh3+ 48.
Kg6 Qg4+ 49. Kf7 Qd7+ 50. Kg6 Qg4+ 51. Kf7 Qg3 52. a4 Qh4 53. Ke6 Qh6 54. Qe4 Qf8 55. Qg6 Qc8+ 56. Kd5 Qb7+ 57. Ke6 Qb3+ 58. Kd7 Qxa4+ 59.
Kc8 Qxd4 60. Qg2 Qb6 61. f7 Qb8+ 62. Kd7 Qb7 63. Qf2+ Qb6 64. Qe2 Bc5 65. Qc4 Qd6+ 66. Kc8 Qe7 67. Qd5 Qf8+ 68. Kxc7 Bb6+ 69. Kd7 a5 70.
Ke6 Bc5 71. Qd7+ Kb6 72. Qe8 Bb4 73. Kd5 Qc5+ 74. Ke6 Qd6+ 75. Kf5 Qc5+ 76. Ke6 Qc6+ 77. Kf5 Qc5+ 78. Ke6 1/2-1/2

[Event "*** Titled Tuesday Blitz"]
[Site "Chess.com"]
[Date "2020.01.07"]
[Round "6"]
[White "Quiet_Desperation"]
[Black "ChainsOfFantasia"]
[Result "1/2-1/2"]
[WhiteElo "2379"]
[BlackElo "2510"]
[TimeControl "180+2"]
[EndTime "14:27:07 PST"]
[Termination "Game drawn - insufficient material"]

1. e4 e6 2. d4 d5 3. Nc3 Nf6 4. e5 Nfd7 5. f4 c5 6. Nf3 Nc6 7. Be3 a6 8. Qd2 b5 9. Be2 Qb6 10. Nd1 b4 11. c3 a5 12. O-O Ba6 13. Kh1 Bxe2 14. Qxe2 Be7 15. Nf2 cxd4 16. cxd4 Qa6 17. Qd2 O-O 18. g4 a4 19. f5 Nb6 20. f6 gxf6 21. Bh6 fxe5 22. dxe5 Nc4 23. Qf4 Nxb2 24. Bg5 Qc4 25. Qd2 Qc3 26. Qf4 Nd3 27. Nxd3 Qxd3 28. Bxe7 Nxe7 29. Qg5+ Ng6 30. h4 Rac8 31.
h5 Rc2 32. hxg6 fxg6 33. Qe7 Qe2 34. Qxf8+ Kxf8 35. Nd4+ Ke7 36. Nxe2 Rxe2 37. Rfe1 Rc2 38. Rab1 Rc4 39. Rec1 Rxg4 40. Rc7+ Kd8 41. Rxh7 Re4 42. Rf1 Ke8 43. Rc1 Rc4 44. Rxc4 dxc4 45. Rh4 b3 46. Rxc4 b2 47. Rb4 a3 48. Kg2 Kd7 49. Kf2 g5 50. Ke2 Kc6 51. Kd2 Kd5 52. Kc2 Kxe5 53. Rb3 g4 54. Rxa3 Kf4 55. Kxb2 g3 56. Ra4+ Kf3 57. Ra3+ Kf2 58. Rxg3 Kxg3 59. Kc3 e5 60. a4 e4 61. Kd4 Kf3 62. a5 e3 63. a6 e2 64. a7 e1=Q 65. a8=Q+ Kg3 66. Qg8+ Kf3 67.
Qf7+ Kg2 68. Qg6+ Kh1 69. Qh5+ Kg1 70. Qg4+ Kf1 71. Qh3+ Kf2 72. Qh4+ Ke2 73. Qe4+ Kf1 74. Qh1+ Kf2 75. Qh2+ Kf3 76. Qh3+ Kf4 77. Qh6+ Kg4 78.
Qg6+ Kf3 79. Qh5+ Kf2 80. Qh4+ Ke2 81. Qg4+ Kf1 82. Qf3+ Qf2+ 83. Qxf2+ Kxf2 1/2-1/2

[Event "*** Titled Tuesday Blitz"]
[Site "Chess.com"]
[Date "2020.01.07"]
[Round "6"]
[White "Chessalary"]
[Black "allvim"]
[Result "1-0"]
[WhiteElo "2095"]
[BlackElo "2349"]
[TimeControl "180+2"]
[EndTime "14:27:09 PST"]
[Termination "Chessalary won by resignation"]

1. e4 c5 2. Nf3 d6 3. d4 cxd4 4. Nxd4 Nf6 5. Nc3 a6 6. Bc4 e6 7. Bb3 Be7 8. g4 h6 9. Be3 Nc6 10. Rg1 Bd7 11. h3 Nxd4 12. Qxd4 Qc7 13. O-O-O Bc6 14.
f4 O-O-O 15. Qa7 Qb8 16. Qb6 Qc7 17. Qa7 Qb8 18. Qd4 Rhg8 19. Qb4 Rd7 20. Qa5 Nxe4 21. Nxe4 Bxe4 22. f5 d5 23. fxe6 fxe6 24. Rd4 Bd8 25. Qb4 Be7 26. Qa5 Qc7 27. Qd2 Bc5 28. Rxe4 dxe4 29.
Bxe6 Rd8 30. Bxc5 Qxc5 31. Rd1 Qe7 32. Bxd7+ Rxd7 33. Qc3+ Rc7 34. Qb3 b5 35. Qg8+ Kb7 36.
Qd5+ Kb8 37. Re1 e3 38. Qd3 Qg5 39. Qxe3 Qxe3+ 40. Rxe3 Rf7 41. Kd2 Rf2+ 42. Kd3 Rf7 43. Ke2 Kc8 44. Re6 Kb7 45. b3 a5 46. c4 bxc4 47.
bxc4 Rd7 48. Rg6 a4 49. Ke3 a3 50. c5 Kc7 51. Ke4 Rd2 52. Rxg7+ Kc6 53. Rg6+ Kxc5 54. Rxh6 Rxa2 55. Ra6 Ra1 56. h4 a2 57. g5 Re1+ 58.
Kf5 a1=Q 59. Rxa1 Rxa1 60. g6 Rf1+ 61. Ke6 Re1+ 62. Kf6 Kd6 63. h5 Rf1+ 64. Kg7 Ke7 65. h6 Rh1 66. h7 Ke6 67. h8=Q Rxh8 68. Kxh8 Kf6 69. g7 1-0

[Event "*** Titled Tuesday Blitz"]
[Site "Chess.com"]
[Date "2020.01.07"]
[Round "6"]
[White "arminmusovic"]
[Black "goldenspine"]
[Result "0-1"]
[WhiteElo "2496"]
[BlackElo "2354"]
[TimeControl "180+2"]
[EndTime "14:27:25 PST"]
[Termination "goldenspine won by resignation"]

1. a3 e5 2. Nc3 d5 3. d4 exd4 4. Qxd4 Nc6 5. Qxd5 Bd6 6. Bg5 Nf6 7. Qd3 h6 8. Bh4 O-O 9. Ne4 g5 10. Nxd6 cxd6 11.
Bg3 Qa5+ 12. Qd2 Qxd2+ 13. Kxd2 Ne4+ 14. Ke1 f5 15. f3 Nf6 16. Bxd6 Re8 17. Bg3 Nd4 18. Rc1 f4 19. Bf2 Nf5 20. g4 Ne3 21. Bxe3 Rxe3 22. Nh3 Bd7 23. Nf2 Bc6 24. Nd1 Re7 25. e4 fxe3 26. Be2 Nxg4 27. h4 Ne5 28. hxg5 Nxf3+ 29. Bxf3 Bxf3 30. Rxh6 Rd8 31. Nc3 Rd2 32. Rg6+ Kf7 33. Rf6+ Kg7 34. Rxf3 Rh2 35. Rd1 e2 36. Nxe2 Rexe2+ 37. Kf1 Rxc2 38. Kg1 Rhg2+ 39. Kf1 Rh2 40. Kg1 Rcg2+ 41. Kf1 Rxb2 42. Rd7+ Kg6 43. Kg1 Rhg2+ 44.
Kf1 Rh2 45. Kg1 Rhg2+ 46. Kf1 Rgc2 47. Rd1 Kxg5 48. Rg3+ Kf4 49. Rg8 Rh2 50. Kg1 Rhe2 51. Rf1+ Ke5 52. Rg7 Kd6 53. Rc1 a6 54. Rg6+ Kd5 55.
Rg7 Kd6 56. Rg6+ Kd5 57. Rg7 Kd4 58. Rd7+ Ke5 59. Rg7 Kf6 60. Rg8 Kf7 61. Rg3 Ra2 62. Rf1+ Ke6 63. Rb1 Reb2 64. Re1+ Kd5 65. Rf1 Kc4 66.
Rf4+ Kb5 67. Rg5+ Kb6 68. Rg6+ Ka7 69. Rf3 Rb1+ 70. Rf1 Rxf1+ 71. Kxf1 Rxa3 72. Ke2 Rc3 73. Kd2 Rc7 74. Kd3 a5 75. Kd4 b6 76. Kd5 Ka6 77.
Rg8 Kb5 78. Rg1 Rd7+ 79. Ke4 a4 80. Rb1+ Ka5 81. Ke5 b5 82. Ke6 Rd2 83. Ke5 a3 84.
Ke4 b4 85. Ke3 Rd8 86. Ra1 Ka4 87. Rh1 a2 88. Ra1 Ka3 89. Ke4 b3 90. Rh1 b2 91.
Rh3+ Kb4 92. Ke5 b1=Q 93. Rh4+ Kb5 94. Ke6 a1=Q 95. Rh5+ Kb6 96. Ke7 Qe1+ 97. Kxd8 Qad1+ 0-1

[Event "*** Titled Tuesday Blitz"]
[Site "Chess.com"]
[Date "2020.01.07"]
[Round "6"]
[White "lucasran"]
[Black "iLuusions"]
[Result "1/2-1/2"]
[WhiteElo "2648"]
[BlackElo "2473"]
[TimeControl "180+2"]
[EndTime "14:27:37 PST"]
[Termination "Game drawn by agreement"]

1. Nf3 Nf6 2. c4 e6 3. g3 d5 4.
Bg2 dxc4 5. Qa4+ Nbd7 6. Qxc4 c5 7. Qb3 Rb8 8. a4 b6 9. d3 Bd6 10. Na3 a6 11. O-O Bb7 12. Nc4 Bc7 13. Bd2 O-O 14. Rfc1 e5 15. e4 Qe7 16. Qa3 a5 17. Ne1 Rfd8 18.
Rd1 Nf8 19. Nc2 Ne6 20. Bc3 Nd7 21. Rf1 f6 22. N2e3 Ndf8 23. Nd5 Bxd5 24. exd5 Ng5 25. Rae1 Qd7 26. Re3 Ng6 27. b3 Nf7 28. Re2 Ne7 29. Ne3 Nd6 30. Rfe1 Nef5 31. Nxf5 Nxf5 32. Qb2 Ne7 33. f4 Nxd5 34. Bxd5+ Qxd5 35. fxe5 fxe5 36. Bxe5 Bxe5 37. Rxe5 Qxd3 38. Re7 Rd4 39. Qf2 Qg6 40. Qe3 Rf8 41. Qe5 h6 42. Qc7 Qf6 43. R7e2 Rd3 44.
Qe7 Qxe7 45. Rxe7 Rf7 46. Re8+ Kh7 47. R8e3 Rfd7 48. Kf2 Kg6 49. Kf3 Kf7 50. Re2 R7d4 51. Kf2 Rxe3 52. Rxe3 Rb4 53. Kf3 Kf6 54. Rd3 Ke5 55. Ke3 h5 56. h3 g6 57. Kf3 Ke6 58.
Ke3 Ke5 59. Kf3 Rd4 60. Re3+ Kf6 61. Ke2 c4 62. bxc4 Rxc4 63. Rb3 Rxa4 64. Rxb6+ Kg5 65.
Kf3 Ra3+ 66. Kg2 h4 67. Rb5+ Kh6 68. gxh4 a4 69. Ra5 Ra2+ 70. Kg3 Ra1 71. Kg2 Kg7 72. Ra6 a3 73. Ra5 Kh6 74. Kh2 Ra2+ 75. Kg3 Ra1 76. Kg2 Ra2+ 77. Kg3 Ra1 78. Kh2 Kg7 79. h5 gxh5 80.
Rxh5 Kg6 81. Ra5 a2 82. h4 Kh6 83. Kg2 Kg6 84. Kh2 Kh6 85. Kg2 Kg6 86. h5+ Kh6 87.
Kh2 Rb1 88. Rxa2 Kxh5 89. Ra5+ 1/2-1/2

[Event "*** Titled Tuesday Blitz"]
[Site "Chess.com"]
[Date "2020.01.07"]
[Round "6"]
[White "wonderfultime"]
[Black "Gareth-Bale11"]
[Result "1-0"]
[WhiteElo "2962"]
[BlackElo "2727"]
[TimeControl "180+2"]
[EndTime "14:27:41 PST"]
[Termination "wonderfultime won by resignation"]

1. d4 Nf6 2. Nf3 d5 3. Bf4 c5 4. c3 Nc6 5. e3 Bg4 6. Nbd2 e6 7.
h3 Bh5 8. Qb3 Qc8 9. Be2 Be7 10.
O-O O-O 11. Rfe1 h6 12. Rac1 c4 13. Qd1 Bg6 14. Ne5 Nxe5 15. Bxe5 b5 16. Bf3 Qd7 17. e4 Rfd8 18. exd5 exd5 19. Nf1 Ne4 20. Bf4 b4 21. Ne3 bxc3 22. bxc3 Ba3 23. Rc2 Nf6 24. Rd2 Ne4 25. Bxe4 Bxe4 26. Nxc4 Qf5 27. Nxa3 Qxf4 28.
Nc2 Rdc8 29. Ne3 Rxc3 30. Qa4 Qg5 31. Qa5 Rc6 32. Qb5 Rac8 33. Qf1 Qf4 34. f3 Bg6 35. Qf2 Qd6 36. h4 Rc1 37. Re2 Rxe1+ 38. Rxe1 Bd3 39. h5 Re8 40. Ng4 Rxe1+ 41. Qxe1 Kf8 42. Ne5 Bb5 43.
Qa5 Qb6 44. Qb4+ Ke8 45. Qc3 Bd7 46. a3 f6 47. Nd3 Qb1+ 48. Kh2 Qb8+ 49. Kh1 Qb1+ 50.
Kh2 Qb8+ 51. Kg1 Qb1+ 52. Kf2 Qa2+ 53. Kg3 Qe2 54. Nc5 Bb5 55. a4 Bc4 56. Qb4 Qe3 57.
Qb8+ Kf7 58. Qxa7+ Kg8 59. Qb8+ Kh7 60. Qf4 Qe1+ 61. Kh2 Bf1 62. Qf5+ Kh8 63. Qc8+ Kh7 64. Qf5+ Kh8 65. Qf4 Qf2 66. Qg3 Qxd4 67. Qxg7+ Kxg7 68.
Ne6+ Kf7 69. Nxd4 Bd3 70. Kg3 Ke7 71. Kf4 Kd6 72. a5 Kc5 73. Ke3 Bh7 74. g4 Bb1 75. Kd2 Ba2 76. Kc3 Bc4 77. Nf5 Be2 78. Nd4 Bc4 79. f4 Bf1 80. g5 fxg5 81. fxg5 Bg2 82. g6 Be4 83. g7 Bh7 84. Nf5 Kb5 85. Nxh6 Kxa5 86. g8=Q Bxg8 87. Nxg8 1-0

[Event "*** Titled Tuesday Blitz"]
[Site "Chess.com"]
[Date "2020.01.07"]
[Round "7"]
[White "Vugar_Manafov"]
[Black "Gabrielian_Artur"]
[Result "0-1"]
[WhiteElo "2598"]
[BlackElo "2792"]
[TimeControl "180+2"]
[EndTime "14:30:24 PST"]
[Termination "Gabrielian_Artur won by resignation"]

1. Nf3 c5 2. g3 Nc6 3. Bg2 g6 4. O-O Bg7 5. e4 d6 6. d3 e5 7. Nh4 Nge7 8. f4 exf4 9. gxf4 f5 10. exf5 Nxf5 11. Nxf5 Bxf5 12. Re1+ Kd7 13. Nc3 Qh4 14.
Be3 Rae8 15. Qf3 Bd4 16. Bxd4 Rxe1+ 0-1

[Event "*** Titled Tuesday Blitz"]
[Site "Chess.com"]
[Date "2020.01.07"]
[Round "7"]
[White "Majkelopulos"]
[Black "attack2mateU"]
[Result "0-1"]
[WhiteElo "2527"]
[BlackElo "2683"]
[TimeControl "180+2"]
[EndTime "14:31:32 PST"]
[Termination "attack2mateU won by checkmate"]

1. e4 c5 2. Ne2 Nf6 3. Nbc3 d6 4. d4 cxd4 5. Nxd4 a6 6. Be3 e5 7. Nb3 Be6 8. f4 exf4 9. Bxf4 Nc6 10. Qe2 Be7 11.
h3 a5 12. O-O-O a4 13. Nc5 a3 14. b3 Qa5 15. Nxe6 Qxc3 16. Nxg7+ Kf8 17. Nf5 Nb4 18. Bh6+ Ke8 19. Qb5+ Nd7 20. Rd2 Qa1# 0-1

[Event "*** Titled Tuesday Blitz"]
[Site "Chess.com"]
[Date "2020.01.07"]
[Round "7"]
[White "MiroVlasenko"]
[Black "TwentyHourADay"]
[Result "1-0"]
[WhiteElo "2672"]
[BlackElo "2243"]
[TimeControl "180+2"]
[EndTime "14:31:37 PST"]
[Termination "MiroVlasenko won by resignation"]

1. d4 Nf6 2. Bg5 d5 3. e3 c6 4. Bxf6 exf6 5. c4 dxc4 6. Bxc4 f5 7. Nc3 Nd7 8. Qb3 Qf6 9. Nge2 Bd6 10. a4 Nb6 11.
Bd3 Be6 12. Qc2 O-O 13. O-O g6 14. a5 Nd5 15. Nxd5 Bxd5 16. Nc3 Be6 17. a6 b6 18. g3 Rac8 19. Qe2 Qe7 20. Bc4 Bb4 21.
Rfc1 Bxc4 22. Qxc4 Qe6 23. Qxb4 1-0

[Event "*** Titled Tuesday Blitz"]
[Site "Chess.com"]
[Date "2020.01.07"]
[Round "7"]
[White "TST2014"]
[Black "Eliwood44"]
[Result "1-0"]
[WhiteElo "2512"]
[BlackElo "2338"]
[TimeControl "180+2"]
[EndTime "14:31:44 PST"]
[Termination "TST2014 won by resignation"]

1. d4 Nf6 2. c4 e6 3. Nf3 b6 4. a3 d5 5. Nc3 Bb7 6. cxd5 Nxd5 7. e3 Be7 8. Bb5+ Nd7 9. Nxd5 Bxd5 10. Ne5 c6 11. Nxc6 Bxc6 12. Bxc6 Rc8 13. Qa4 Rc7 14. Bd2 O-O 15. O-O e5 16. Bc3 Nb8 17. Be4 exd4 18.
Bxd4 Bf6 19. Rad1 Bxd4 20. Rxd4 Qg5 21. Rd5 Qh6 22. Qd1 g6 23. b4 Nc6 24. Rd7 Rxd7 25. Qxd7 Ne5 26. Qxa7 Rc8 27. h3 Nc4 28. Bd5 Nd2 29.
Qxf7+ Kh8 30. Rd1 1-0

[Event "*** Titled Tuesday Blitz"]
[Site "Chess.com"]
[Date "2020.01.07"]
[Round "7"]
[White "KhazarBabazada"]
[Black "igorkovalenko"]
[Result "0-1"]
[WhiteElo "2924"]
[BlackElo "2921"]
[TimeControl "180+2"]
[EndTime "14:32:06 PST"]
[Termination "igorkovalenko won by resignation"]

1. e4 c5 2. Nf3 e6 3. d4 cxd4 4. Nxd4 Nf6 5. Nc3 Nc6 6. Nxc6 bxc6 7. e5 Nd5 8. Ne4 Bb7 9. c4 Nb4 10. a3 Qa5 11. axb4 Qxa1 12. Bd3 Bxb4+ 13. Kf1 Qa5 14. Bf4 Be7 15. h4 c5 16. h5 h6 17. Rh3 Rb8 18.
Bc2 Bxe4 19. Bxe4 Rxb2 20. Rd3 Ra2 21. Rb3 O-O 22. Bb1 Ra1 23. Qd3 Rxb1+ 24. Rxb1 Qc7 25. g3 a5 26. Rb5 Ra8 27. Qe4 Qc6 0-1